AoeStats
← zilvinasleonavicius84

Arena

509284705Analyzed
4v4 RM · 5d ago on Sep 26, 2026· 70m 12s· 8 players
Game mode
Random Map
Map size
Large (8 player)
Population
200
Speed
Normal
Resources
Standard
Victory
Conquest
Starting age
Dark Age
Ending age
Imperial Age
RankedLock teamsTeams togetherTeam positionsShared explorationLock speedFull tech treeHidden civsTurbo modeCheats
Victory
Defeat
🇫🇷 Burmese · France
955
+16
🇨🇳 Franks · China
951
+16
🇲🇽 Portuguese · Mexico
898
+18
🇹🇼 Portuguese · Taiwan
882
+20
🇦🇷 Wu · Argentina
981
-18
🇱🇹 Britons · Lithuania
964
-18
🇦🇷 Saxons · Argentina
964
-18
🇦🇷 Cumans · Argentina
908
-16
reyangel141
11:00 Feudal Age
15:33 Castle Age
13:26 Horse Collar
14:13 Double-Bit Axe
16:49 Wheelbarrow
19:42 Heavy Plow
22:55 Hand Cart
27:48 Imperial Age
34:18 Loom
35:16 Hand Cart
36:20 Guilds
40:55 Treadmill Crane
42:17 Chemistry
41:38 Ballistics
41:24 Siege Engineers
41:42 Fletching
43:48 Bodkin Arrow
43:54 Padded Archer Armor
44:55 Conscription
44:37 Arquebus
44:39 Circumnavigation
45:04 Bracer
45:19 Leather Archer Armor
45:59 Elite Organ Gun
47:36 Ring Archer Armor
48:09 Bow Saw
50:32 Scale Mail Armor
51:26 Chain Mail Armor
50:58 Town Watch
52:31 Forging
52:25 Town Patrol
56:54 Plate Mail Armor
56:59 Iron Casting
56:29 Murder Holes
56:44 Masonry
59:08 Two-Man Saw
57:57 Gambesons
57:32 Pikeman
57:58 Arson
AntKnight
10:43 Feudal Age
12:36 Wheelbarrow
15:01 Castle Age
13:21 Horse Collar
22:05 Man-at-Arms
23:54 Forging
23:43 Long Swordsman
25:43 Scale Mail Armor
30:51 Hand Cart
31:15 Loom
31:18 Town Watch
32:53 Gold Mining
33:07 Heavy Plow
33:13 Stone Mining
34:24 Fletching
35:43 Elite Skirmisher
39:17 Imperial Age
38:53 Padded Archer Armor
38:48 Bodkin Arrow
39:11 Chain Mail Armor
39:32 Gambesons
39:48 Squires
41:12 Town Patrol
42:06 Husbandry
43:49 Bloodlines
43:49 Scale Barding Armor
43:45 Bracer
44:04 Arson
44:44 Chain Barding Armor
45:00 Iron Casting
45:55 Elite Battle Elephant
48:29 Manipur Cavalry
49:26 Elite Arambai
51:14 Ballistics
50:59 Siege Engineers
51:55 Chemistry
52:38 Plate Barding Armor
53:03 Blast Furnace
55:17 Parthian Tactics
55:26 Plate Mail Armor
54:56 Two-Handed Swordsman
59:45 Champion
61:05 Conscription
63:00 Howdah
70:38 Caravan
70:04 Crossbowman
76561199017414489
11:46 Feudal Age
15:52 Castle Age
13:44 Double-Bit Axe
24:56 Wheelbarrow
30:36 Imperial Age
29:09 Gold Mining
29:10 Stone Mining
29:30 Scale Barding Armor
29:36 Forging
30:49 Gold Shaft Mining
31:18 Chain Barding Armor
31:34 Iron Casting
31:41 Conscription
31:45 Hand Cart
32:40 Plate Barding Armor
32:42 Husbandry
32:17 Cavalier
33:25 Paladin
35:57 Blast Furnace
35:29 Chivalry
36:51 Town Watch
36:53 Loom
40:17 Town Patrol
69:02 Spies/Treason
wdog30213
10:54 Feudal Age
9:47 Loom
15:37 Castle Age
14:31 Double-Bit Axe
14:31 Horse Collar
16:04 Wheelbarrow
EL PELUCA MILEI
13:08 Feudal Age
13:34 Man-at-Arms
16:49 Double-Bit Axe
20:48 Forging
31:13 Arson
31:28 Gold Mining
33:08 Horse Collar
38:10 Castle Age
38:10 Wheelbarrow
41:02 Heavy Plow
41:27 Bow Saw
41:42 Hand Cart
46:24 Scale Mail Armor
47:00 Iron Casting
45:49 Pikeman
46:30 Squires
52:13 Padded Archer Armor
52:29 Chain Mail Armor
55:02 Imperial Age
55:56 Halberdier
58:14 Plate Mail Armor
58:45 Blast Furnace
57:51 Scale Barding Armor
58:07 Elite Steppe Lancer
Matimouts
8:53 Feudal Age
9:22 Double-Bit Axe
14:49 Castle Age
13:22 Gold Mining
15:42 Wheelbarrow
16:11 Bow Saw
20:16 Horse Collar
20:59 Stone Mining
21:06 Loom
29:19 Imperial Age
27:45 Scale Mail Armor
27:55 Forging
27:37 Fletching
27:13 Clerical Recruitment
29:07 Chain Mail Armor
30:26 Iron Casting
30:36 Hand Cart
29:53 Elite Hearth Troop
29:54 Shield Wall
30:55 Conscription
32:23 Town Watch
34:03 Bodkin Arrow
34:14 Scale Barding Armor
34:15 Squires
34:01 Gambesons
33:37 Elite Varangian Guard
35:09 Gold Shaft Mining
39:09 Pikeman
39:35 Arson
39:56 Town Patrol
40:29 Plate Mail Armor
40:19 Chain Barding Armor
39:59 Bracer
40:00 Padded Archer Armor
39:53 Halberdier
40:49 Treadmill Crane
42:28 Two-Man Saw
45:39 Chemistry
46:10 Hoardings
46:53 Ballistics
46:39 Siege Engineers
53:10 Masonry
52:55 Murder Holes
53:11 Fortified Wall
54:00 Guilds
54:21 Coinage
Aledecr
11:53 Feudal Age
17:16 Castle Age
20:56 Wheelbarrow
24:13 Horse Collar
24:21 Double-Bit Axe
28:44 Fletching
31:33 Loom
42:06 Bodkin Arrow
42:12 Padded Archer Armor
48:29 Imperial Age
48:53 Imperial Age
45:58 Pikeman
46:39 Squires
48:18 Forging
50:01 Halberdier
56:40 Elite Skirmisher
zilvinasleonavicius84
9:43 Feudal Age
10:22 Double-Bit Axe
10:27 Horse Collar
18:06 Castle Age
19:10 Bow Saw
19:02 Heavy Plow
18:56 Gold Mining
18:58 Stone Mining
27:53 Imperial Age
26:16 Wheelbarrow
25:29 Loom
25:34 Town Watch
25:35 Crossbowman
26:30 Forging
27:37 Fletching
29:01 Iron Casting
30:54 Blast Furnace
29:49 Bodkin Arrow
30:37 Gold Shaft Mining
32:02 Chemistry
30:36 Arbalester
32:26 Bracer
32:27 Padded Archer Armor
32:45 Hand Cart
37:09 Yeomen
38:24 Pikeman
39:04 Squires
39:08 Town Patrol
40:10 Two-Man Saw
39:38 Halberdier
39:58 Elite Longbowman
41:14 Hoardings
42:30 Scale Mail Armor
42:46 Leather Archer Armor
44:18 Chain Mail Armor
Connection lost

Rejoining the realm…

Still unreachable

The connection could not be restored.

Session expired

The server has moved on; the page needs a fresh start.